AoeStats
← [NICE_ASS] BigMasi

Four Lakes

510137498Analyzed
1v1 RM · 2d ago on Sep 29, 2026· 41m 53s· 2 players
Game mode
Random Map
Map size
Tiny (2 player)
Population
200
Speed
Normal
Resources
Standard
Victory
Conquest
Starting age
Dark Age
Ending age
Imperial Age
RankedLock teamsTeams togetherTeam positionsShared explorationLock speedFull tech treeHidden civsTurbo modeCheats
Victory
Defeat
🇨🇭 Armenians · Switzerland
1346
+15
🇨🇭 Wei · Switzerland
1325
-15
[NICE_ASS] BigMasi
8:55 Loom
11:09 Feudal Age
11:58 Double-Bit Axe
14:09 Horse Collar
14:20 Fishing Lines
16:56 Wheelbarrow
20:33 Castle Age
20:04 Bloodlines
21:06 Fletching
22:08 Bow Saw
22:17 Bodkin Arrow
22:45 Gillnets
23:05 Husbandry
23:07 Padded Archer Armor
26:08 Leather Archer Armor
28:18 Thumb Ring
31:42 Imperial Age
32:45 Bracer
35:21 Ballistics
37:46 Conscription
Koslow
10:39 Feudal Age
10:35 Loom
11:15 Double-Bit Axe
19:27 Castle Age
18:18 Stone Mining
18:36 Pikeman
22:53 Medium Warships
25:05 Wheelbarrow
25:33 Fletching
27:00 Hand Cart
27:55 Ballistics
29:04 Bodkin Arrow
30:02 Padded Archer Armor
33:47 Imperial Age
31:56 Guard Tower
32:24 Town Watch
34:27 Scale Barding Armor
35:18 Bloodlines
36:31 Bloodlines
36:21 Husbandry
38:08 Chemistry
40:00 Chain Barding Armor
41:41 Bracer
41:50 Cavalier
Connection lost

Rejoining the realm…

Still unreachable

The connection could not be restored.

Session expired

The server has moved on; the page needs a fresh start.